 Dungeon Crawl Stone Soup version 0.28-a0-726-g4a9143789a (webtiles) character file.

Game seed: 1468450620509140065

86550 flotson the Cleaver (level 15, 0/118 HPs)
             Began as a Demonspawn Delver on Oct 27, 2021.
             Was an Initiate of Gozag.
             Killed from afar by Azrael (26 damage)
             ... with a fireball
             ... on level 12 of the Dungeon.
             The game lasted 00:51:50 (28254 turns).

flotson the Cleaver (Demonspawn Delver)            Turns: 28254, Time: 00:52:01

Health: 0/118      AC: 24    Str: 22    XL:     15   Next: 41%
Magic:  15/15      EV: 16    Int: 20    God:    Gozag
Gold:   6853       SH: 12    Dex: 18    Spells: 14/14 levels left

rFire   . . .      SeeInvis .   c - +8 broad axe "Trog's Scorn" {venom, Str+3 Stlth+}
rCold   . . .      Faith    .   J - +0 kite shield
rNeg    . . .      Spirit   .   B - +3 chain mail of the Slorg {Harm Will++ Dex+4}
rPois   .          Reflect  .   F - +0 helmet of the Devil's Team {Contam Harm rCorr Int+8}
rElec   .          Harm     +   S - +1 cloak {Will+}
rCorr   +          Rampage  .   (no gloves)
Will    ++++.                   (boots unavailable)
Stlth   +.........              A - amulet of the acrobat
HPRegen 0.29/turn               H - +4 ring of evasion
MPRegen 0.14/turn               E - +4 ring of protection

@: gold aura
A: hooves 3, yellow scales 1, demonic guardian 2, spiny 2, corrupting presence 1
a: Renounce Religion, Potion Petition, Call Merchant, Bribe Branch


You were on level 12 of the Dungeon.
You worshipped Gozag.
Gozag was greatly pleased with you.
You visited 3 branches of the dungeon, and saw 20 of its levels.
You also visited: Gauntlet.

You collected 7189 gold pieces.
You spent 190 gold pieces at shops.
You paid 146 gold pieces to Gozag.

Inventory:

Hand Weapons
 a - the +8 whip "Snakebite" {venom, curare, rPois}
   (You found it on level 3 of the Lair of Beasts)

   It poisons the flesh of those it strikes.
   It occasionally inflicts asphyxiating poison on those it strikes, dealing
   poison damage and causing slowness.
   rPois:     It protects you from poison.
 b - a +0 vorpal hunting sling
 c - the +8 broad axe "Trog's Scorn" (weapon) {venom, Str+3 Stlth+}
   (You acquired it on level 9 of the Dungeon)

   It poisons the flesh of those it strikes.
   Str:       It affects your strength (+3).
   Stlth:     It makes you more stealthy.
 y - a +1 trident
Missiles
 h - 6 silver javelins (quivered)
 o - 5 atropa-tipped darts
 w - 8 boomerangs
 G - 139 sling bullets
 M - a curare-tipped dart
 V - a throwing net
Armour
 B - the +3 chain mail of the Slorg (worn) {Harm Will++ Dex+4}
   (You bought it in a shop on level 5 of the Dungeon)

   Dex:       It affects your dexterity (+4).
   Harm:      It increases damage dealt and taken.
   Will:      It greatly increases your willpower.
 F - the +0 helmet of the Devil's Team (worn) {Contam Harm rCorr Int+8}
   (You found it on level 6 of the Dungeon)

   Int:       It affects your intelligence (+8).
   Contam:    It causes magical contamination when unequipped.
   rCorr:     It protects you from acid and corrosion.
   Harm:      It increases damage dealt and taken.
 J - a +0 kite shield (worn)
 S - a +1 cloak of willpower (worn)
Jewellery
 A - an amulet of the acrobat (around neck)
 E - a +4 ring of protection (right hand)
 H - a +4 ring of evasion (left hand)
 R - a ring of protection from fire
Wands
 g - a wand of digging (9)
 s - a wand of polymorph (27)
 x - a wand of iceblast (26)
 D - a wand of acid (7)
 I - a wand of flame (51)
Scrolls
 d - a scroll of immolation
 e - 5 scrolls of fear
 k - a scroll of silence
 m - a scroll of magic mapping
 p - 9 scrolls of enchant weapon
 u - 3 scrolls of summoning
 C - 2 scrolls of torment
 K - 3 scrolls of blinking
 L - 5 scrolls of enchant armour
 T - 7 scrolls of teleportation
 U - a scroll of holy word
 X - 3 scrolls of fog
Potions
 f - 2 potions of magic {unknown}
 i - a potion of ambrosia {unknown}
 l - 2 potions of lignification
 n - 2 potions of heal wounds
 q - a potion of resistance
 r - 2 potions of attraction
 t - 3 potions of flight
 v - 4 potions of curing
 z - a potion of cancellation
 N - 2 potions of berserk rage
 O - 3 potions of haste
 Q - a potion of invisibility
Miscellaneous
 P - a piece from Xom's chessboard (15/15)
 W - a lightning rod (4/4)
 Y - a box of beasts
 Z - a condenser vane


   Skills:
 + Level 11.0 Fighting
 * Level 12.1 Axes
 + Level 9.4 Throwing
 + Level 9.8 Armour
 + Level 9.9 Dodging
 - Level 4.5 Stealth
 + Level 9.4 Shields
 + Level 10.0 Evocations


You had 14 spell levels left.
You didn't know any spells.
Your spell library contained the following spells:

 Spells                   Type           Power      Damage    Failure   Level
 Magic Dart               Conj           0%         1d3       94%         1
 Call Imp                 Summ           0%         N/A       98%         2
 Ensorcelled Hibernation  Hex/Ice        0%         N/A       98%         2
 Slow                     Hex            0%         N/A       98%         2
 Confusing Touch          Hex            0%         N/A       100%        3
 Mephitic Cloud           Conj/Pois/Air  0%         N/A       100%        3
 Ozocubu's Armour         Ice            0%         N/A       100%        3
 Portal Projectile        Hex/Tloc       0%         N/A       100%        3
 Stone Arrow              Conj/Erth      0%         3d7       100%        3
 Animate Dead             Necr           0%         N/A       100%        4
 Petrify                  Tmut/Erth      0%         N/A       100%        4
 Blade Hands              Tmut           0%         N/A       100%        5
 Excruciating Wounds      Necr           0%         N/A       100%        5
 Fireball                 Conj/Fire      0%         3d3       100%        5
 Iskenderun's Battlesphe  Conj           0%         2d6       100%        5
 Metabolic Englaciation   Hex/Ice        0%         N/A       100%        5
 Summon Forest            Summ/Tloc      0%         N/A       100%        5
 Yara's Violent Unravell  Hex/Tmut       0%         3d3       100%        5
 Conjure Ball Lightning   Conj/Air       0%         3x3d6     100%        6
 Eringya's Noxious Bog    Tmut/Pois      0%         N/A       100%        6
 Simulacrum               Ice/Necr       0%         N/A       100%        6
 Statue Form              Tmut/Erth      0%         N/A       100%        6
 Orb of Destruction       Conj           0%         N/A       100%        7
 Summon Hydra             Summ           0%         N/A       100%        7
 Infestation              Necr           0%         N/A       100%        8


Dungeon Overview and Level Annotations

Branches:
Dungeon (12/15)            Temple (0/1) D:5            Lair (6/6) D:10
 Shoals (0/4) Lair:3        Snake (0/4) Lair:3        Slime (0/5) Lair:6
    Orc (2/2) D:9             Elf (0/3) Orc:2       Gauntlet (visited)

Altars:
Ashenzari
Cheibriados
Dithmenos
Elyvilon
Fedhas
Gozag
Hepliaklqana
Kikubaaqudgha
Makhleb
Trog
Uskayaw
Yredelemnul
The Shining One
Beogh

Shops:
D:2 *   D:5 *[   Orc:1 [   Orc:2 [(!(

Annotations:
D:12 Azrael


Innate Abilities, Weirdness & Mutations

You have hooves in place of feet.
You are partially covered in yellow scales. (AC +2)
A demonic guardian rushes to your aid.
You are mostly covered in sharp spines.
Your presence sometimes corrodes those you injure.


Message History

The hell hound is distracted by your dazzling golden aura.
Azrael gestures at you. The bolt of fire hits you!!
A demonic guardian appears!
You block the fire elemental's attack.
You are too injured to fight recklessly!
Unknown command.
You are too injured to fight recklessly!
Unknown command.
You slash Azrael! You kick Azrael.
Azrael is heavily wounded.
You closely miss the fire elemental. You block the fire elemental's attack.
Azrael screams, "Burn!
Burn!
All of it must BURN!"
Azrael hits you but does no damage.
Unknown command.
You slice Azrael!!
Azrael is poisoned.
Azrael is almost dead.
You slash the fire elemental!
Your corrupting presence corrodes the fire elemental!
The fire elemental is struck by your spines.
The fire elemental barely misses you. Azrael gestures at you.
The sphere of damnation explodes!
The damnation engulfs you!!!
* * * LOW HITPOINT WARNING * * *
The damnation engulfs Azrael.
Azrael completely resists.
The damnation engulfs the fire elemental!
The fire elemental is destroyed!
The damnation engulfs your soul eater!!
You feel much better.
The hell hound is no longer distracted by gold.
The hell hound is distracted by your dazzling golden aura.
Azrael screams at your soul eater, "Burn!
Burn!
All of it must BURN!"
Azrael gestures at your soul eater.
The fireball explodes!
The fireball engulfs your soul eater!!
Your soul eater dies!
Your soul eater disappears in a puff of smoke!
The fireball engulfs the fire elemental.
The fire elemental completely resists.
The fireball engulfs Azrael.
Azrael completely resists.
The fireball engulfs you!!
You die...
Your body crumbles into a pile of gold.

#.................
...........######
..........#
#+#####...# #...#
#...# #...##+###
###########.....>...
.....hE@$$..........
.....hR§........:...
...#########..).....
# #........
#....#### #....#
#....# ....#


You could see Azrael (very poisoned), a fire elemental and 2 hell hounds.

Vanquished Creatures
  The ghost of HilariousDeathArtist the Acrobat, an adept TeFi of Trog (Orc:1)
  A minotaur (Gauntlet)
  10 hydras
  Fannar (Orc:1)
  3 catoblepae
  4 ogre magi (Orc:2)
  2 boulder beetles
  A hell beast (Gauntlet)
  20 two-headed ogres
  2 death yaks (D:10)
  A tengu warrior (D:7)
  A goliath frog (Lair:6)
  4 lindwurms (Lair:2)
  An orc knight (Orc:1)
  A deep elf pyromancer (D:7)
  A cyclops (D:11)
  An orc sorcerer (Orc:2)
  7 elephants
  A manticore (D:11)
  A merfolk siren (Lair:3)
  9 black mambas
  Psyche (D:11)
  20 cane toads
  3 rime drakes
  12 komodo dragons
  An unseen horror (D:12)
  A kobold demonologist (D:7)
  A troll (Orc:2)
  A polar bear (Lair:2)
  35 blink frogs
  3 merfolk (Lair:3)
  Prince Ribbit (D:8)
  3 tyrant leeches (Lair:6)
  3 slime creatures (Lair:6)
  7 dream sheep (Lair:6)
  7 wyverns
  A shadow (D:11)
  60 yaks
  3 wraiths
  2 basilisks
  A fire elemental (D:12)
  A vampire (D:9)
  8 vampire mosquitoes
  8 wargs
  4 nagas (Lair:3)
  A hell hound (D:12)
  An acid dragon (D:12)
  Duvessa (D:6)
  19 water moccasins
  12 orc warriors
  2 ice beasts
  2 sky beasts (D:7)
  23 ogres
  6 necrophages
  5 centaurs
  20 wolves
  26 bullfrogs
  2 kobold brigands
  5 scorpions
  Dowan (D:6)
  A water moccasin zombie (D:4)
  A water moccasin skeleton (D:4)
  5 howler monkeys
  3 wights (D:8)
  3 electric eels
  3 centaur zombies
  A bullfrog zombie (D:7)
  2 jellies
  19 orc priests
  7 centaur skeletons
  A hound (D:6)
  A gnoll shaman (Orc:1)
  3 bullfrog skeletons
  5 iguanas
  2 scorpion zombies (D:4)
  16 orc wizards
  A hound skeleton (D:4)
  A hound zombie (D:4)
  2 howler monkey zombies
  4 gnolls
  8 adders
  A howler monkey skeleton (D:5)
  A shadow imp (D:7)
  A white imp (D:7)
  2 worms
  A dart slug (D:4)
  71 orcs
  5 endoplasms
  A giant cockroach (D:1)
  8 goblins
  8 hobgoblins
  3 jackals (D:2)
  17 kobolds
  9 quokkas
  9 ball pythons
  6 bats
  4 frilled lizards
  A quokka zombie (D:4)
  5 rats
628 creatures vanquished.

Vanquished Creatures (collateral kills)
  A hydra (Lair:5)
  A death yak (D:10)
  A black mamba (Lair:5)
  A cane toad (Lair:1)
  A komodo dragon (Lair:1)
  2 yaks (Lair:5)
  2 bullfrogs
  A wyvern zombie (D:7)
  2 orcs (Orc:2)
12 creatures vanquished.

Vanquished Creatures (others)
  A fire elemental (D:12)
  A gnoll (Orc:1)
  An orc (Orc:1)
  A bush (Lair:6)
  57 fungi
  113 plants
  3 withered plants
177 creatures vanquished.

Grand Total: 817 creatures vanquished

Notes
Turn   | Place    | Note
-------+----------+-------------------------------------------
     0 | D:5      | flotson the Demonspawn Delver began the quest for the Orb.
     0 | D:5      | Reached XP level 1. HP: 18/18 MP: 1/1
     7 | D:5      | Noticed an ogre
    11 | D:5      | Found Esoam's CLEARANCE SALE!.
    34 | D:5      | Noticed a scorpion
    91 | D:4      | Reached skill level 2 in Axes
    91 | D:4      | Gained mutation: You are partially covered in yellow
                  | scales. (AC +2) [demonic ancestry]
    91 | D:4      | Reached XP level 2. HP: 20/24 MP: 2/2
   277 | D:4      | Reached skill level 1 in Armour
   277 | D:4      | Gained mutation: You are partially covered in sharp spines.
                  | [demonic ancestry]
   277 | D:4      | Reached XP level 3. HP: 23/29 MP: 3/3
   366 | D:4      | Reached XP level 4. HP: 32/36 MP: 4/4
   500 | D:4      | Gained mutation: A weak demonic guardian rushes to your
                  | aid. [demonic ancestry]
   500 | D:4      | Reached XP level 5. HP: 40/42 MP: 5/5
  1685 | D:2      | Reached skill level 3 in Axes
  1686 | D:2      | Found Gisonoro's General Store.
  2516 | D:4      | Gained mutation: You have large cloven feet. [demonic
                  | ancestry]
  2516 | D:4      | Reached XP level 6. HP: 37/48 MP: 6/6
  2594 | D:4      | Reached skill level 1 in Throwing
  2628 | D:4      | Reached skill level 1 in Shields
  3132 | D:3      | Reached XP level 7. HP: 51/55 MP: 7/7
  3509 | D:4      | Reached skill level 1 in Evocations
  3954 | D:5      | Found Emmeojoc's Antique Armour Shop.
  3965 | D:5      | Bought a twisted chain mail for 190 gold pieces
  3965 | D:5      | Identified the +3 chain mail of the Slorg {Harm Will++
                  | Dex+4} (You bought it in a shop on level 5 of the Dungeon)
  3983 | D:5      | Found a staircase to the Ecumenical Temple.
  4177 | D:5      | Reached skill level 4 in Axes
  4403 | D:5      | Reached XP level 8. HP: 60/61 MP: 8/8
  4424 | D:6      | Reached skill level 5 in Fighting
  4430 | D:6      | Identified the +0 helmet of the Devil's Team {Contam Harm
                  | rCorr Int+8}
  4723 | D:6      | Found an opulent altar of Gozag.
  4723 | D:6      | Found a basalt altar of Yredelemnul.
  4723 | D:6      | Found a burning altar of Makhleb.
  4724 | D:6      | Found a bloodstained altar of Trog.
  4724 | D:6      | Found a shadowy altar of Dithmenos.
  4725 | D:6      | Found a hide-covered altar of Uskayaw.
  4728 | D:6      | You fall into a shaft and drop 2 floors!
  4802 | D:8      | Noticed Prince Ribbit
  4816 | D:6      | Noticed Dowan
  4816 | D:6      | Noticed Duvessa
  4944 | D:7      | Noticed a boulder beetle
  5290 | D:6      | Gained mutation: You have hoof-like feet. [demonic
                  | ancestry]
  5290 | D:6      | Reached XP level 9. HP: 68/68 MP: 9/9
  5357 | D:6      | Killed Duvessa
  5365 | D:6      | Killed Dowan
  5953 | D:6      | Reached skill level 5 in Axes
  5953 | D:6      | Reached skill level 5 in Dodging
  6406 | D:7      | Noticed a five-headed hydra
  6889 | D:7      | Killed a five-headed hydra
  6890 | D:7      | Reached skill level 5 in Armour
  7071 | D:7      | Gained mutation: A demonic guardian rushes to your aid.
                  | [demonic ancestry]
  7071 | D:7      | Reached XP level 10. HP: 77/77 MP: 10/10
  7395 | D:6      | Became a worshipper of Gozag Ym Sagoz the Greedy
  8006 | D:7      | Killed a boulder beetle
  8153 | D:7      | Reached skill level 5 in Evocations
  8188 | D:7      | Noticed a six-headed hydra
  8188 | D:7      | Noticed a deep elf pyromancer
  8319 | D:6      | Killed a six-headed hydra
  8320 | D:6      | Reached skill level 6 in Axes
  8320 | D:6      | Reached skill level 5 in Throwing
  8320 | D:6      | Reached skill level 5 in Shields
  8814 | D:7      | Noticed a tengu warrior
  8942 | D:7      | Killed a tengu warrior
  9237 | D:7      | Killed a deep elf pyromancer
  9238 | D:7      | Reached XP level 11. HP: 84/84 MP: 11/11
  9279 | D:8      | Killed Prince Ribbit
  9729 | D:8      | Found a hazy altar of Hepliaklqana.
  9979 | D:8      | Noticed a two-headed ogre
  9984 | D:8      | Killed a two-headed ogre
 10102 | D:7      | Found a blossoming altar of Fedhas.
 10102 | D:7      | Found an ancient bone altar of Kikubaaqudgha.
 10102 | D:7      | Found a snail-covered altar of Cheibriados.
 10198 | D:8      | Found a broken altar of Ashenzari.
 10332 | D:9      | Noticed a two-headed ogre
 10806 | D:9      | Killed a two-headed ogre
 11136 | D:9      | Identified a scroll of acquirement
 11137 | D:9      | Acquired the +8 broad axe "Trog's Scorn" {venom, Str+3
                  | Stlth+}
 11541 | D:9      | Found a staircase to the Orcish Mines.
 11795 | D:10     | Entered Level 10 of the Dungeon
 11818 | D:10     | Reached skill level 7 in Axes
 12183 | D:10     | Noticed a death yak
 12183 | D:10     | Noticed a death yak
 12205 | D:10     | Killed a death yak
 12402 | D:10     | Noticed a death yak
 12431 | D:10     | Killed a death yak
 12440 | D:10     | Killed a death yak
 12441 | D:10     | Reached XP level 12. HP: 62/93 MP: 12/12
 12594 | D:10     | Found a staircase to the Lair.
 12746 | D:10     | Noticed a two-headed ogre
 12754 | D:10     | Killed a two-headed ogre
 13166 | Lair:1   | Entered Level 1 of the Lair of Beasts
 13595 | Lair:1   | Noticed an eight-headed hydra
 13636 | Lair:1   | Killed a nine-headed hydra
 13998 | Lair:1   | Noticed a six-headed hydra
 14008 | Lair:1   | Killed a six-headed hydra
 14009 | Lair:1   | Reached skill level 8 in Axes
 14497 | Lair:2   | Found a gate leading to a gauntlet.
 14513 | Gauntlet | Entered a Gauntlet
 14513 | Gauntlet | Noticed a blizzard demon
 14513 | Gauntlet | Found a transporter.
 14513 | Gauntlet | Found a transporter.
 14513 | Gauntlet | Found a transporter.
 14517 | Gauntlet | Found a transporter.
 14519 | Gauntlet | Found a transporter.
 14527 | Gauntlet | Found a transporter.
 14532 | Gauntlet | Noticed a hell beast
 14592 | Gauntlet | Found a transporter.
 14602 | Gauntlet | Found a transporter.
 14617 | Gauntlet | Found a transporter.
 14627 | Gauntlet | Found a transporter.
 14642 | Gauntlet | Found a transporter.
 14648 | Gauntlet | Found a transporter.
 14933 | Gauntlet | Killed a hell beast
 15087 | Gauntlet | Noticed a minotaur
 15098 | Gauntlet | Killed a minotaur
 15108 | Gauntlet | Identified the +1 chain mail of the True Pharaoh {Dex+2}
 15109 | Gauntlet | Got the Compendium of Congealing Transmigration
 16114 | Lair:2   | Noticed an eight-headed hydra
 16122 | Lair:2   | Killed a ten-headed hydra
 16881 | Lair:2   | Gained mutation: You are mostly covered in sharp spines.
                  | [demonic ancestry]
 16881 | Lair:2   | Reached XP level 13. HP: 101/101 MP: 13/13
 17116 | Lair:2   | Reached skill level 9 in Axes
 17220 | Lair:2   | Got Sif Muna's Catalogue of Dark Clay
 17637 | Lair:3   | Found a staircase to the Snake Pit.
 17814 | Lair:3   | Found a staircase to the Shoals.
 18406 | Lair:3   | Found the +8 whip "Snakebite" {venom, curare, rPois}
 20029 | Lair:4   | Reached skill level 10 in Axes
 21033 | Lair:5   | Gained mutation: Your presence sometimes corrodes those you
                  | injure. [demonic ancestry]
 21033 | Lair:5   | Reached XP level 14. HP: 109/109 MP: 14/14
 21468 | Lair:5   | Reached skill level 10 in Fighting
 21661 | Lair:6   | Entered Level 6 of the Lair of Beasts
 23048 | Lair:6   | Reached skill level 11 in Axes
 23620 | Lair:6   | Found a staircase to the Slime Pits.
 23866 | Lair:6   | Identified the +1 long sword of Fadwaokk {freeze, rElec
                  | rPois MP+9 Dex-3}
 24134 | Orc:1    | Entered Level 1 of the Orcish Mines
 24236 | Orc:1    | Noticed Fannar
 24492 | Orc:1    | Killed Fannar
 24652 | Orc:1    | Found Reucecibb's Antique Armour Shoppe.
 24720 | Orc:1    | Found a runed translucent door.
 24722 | Orc:1    | Noticed HilariousDeathArtist's ghost (adept TeFi)
 25181 | Orc:1    | Killed HilariousDeathArtist's ghost
 25310 | Orc:1    | Identified the +10 halberd of the Muttering Seer {freeze,
                  | rN++ Will+ Str+4 Dex-2}
 25333 | Orc:2    | Entered Level 2 of the Orcish Mines
 25845 | Orc:2    | Gained mutation: You have hooves in place of feet. [demonic
                  | ancestry]
 25845 | Orc:2    | Reached XP level 15. HP: 87/117 MP: 15/15
 26736 | Orc:2    | Found Enlequgy's Antique Weapon Shop.
 26737 | Orc:2    | Found Nulietij's Antique Weapon Emporium.
 26745 | Orc:2    | Found a staircase to the Elven Halls.
 26760 | Orc:2    | Found Ygeadexo's Distillery.
 26760 | Orc:2    | Found Usimupp's Armour Boutique.
 27183 | D:11     | Noticed Psyche
 27188 | D:11     | Reached skill level 12 in Axes
 27189 | D:11     | Killed Psyche
 27392 | D:11     | Reached skill level 10 in Evocations
 28245 | D:12     | Noticed Azrael
 28253 | D:12     | HP: 1/118 [Azrael/damnation (48)]
 28254 | D:12     | Killed from afar by Azrael

Illustrated notes

Levels and vault maps discovered:
D:1:      minmay_arrival_jagged, layout_rooms
D:2:      layout_basic, serial_shops, shop, minmay_misc_feat_plants
D:3:      layout_loops_cross
D:4:      layout_basic, serial_undead, serial_undead_e, serial_undead_b,
          serial_undead_f, serial_undead_d, serial_undead_f, serial_undead_b
D:5:      layout_basic, minmay_temple_entry_large_hall, serial_shops,
          nicolae_shop_waterfront, nicolae_shop_clearance
D:6:      layout_basic, grunt_temple_overflow_open, uniq_duvessa
D:7:      nzn_winding_woodlands_stair_cross
          [nzn_winding_woodlands_5x15_pathside_ponds,
          nzn_winding_woodlands_center_pierced_h,
          nzn_winding_woodlands_5x15_river_crossing,
          nzn_winding_woodlands_5x5_cross, nzn_winding_woodlands_5x5_open_star,
          nzn_winding_woodlands_5x15_crooked,
          nzn_winding_woodlands_center_lodge,
          nzn_winding_woodlands_5x15_jagged], layout_loops_corners,
          nicolae_overflow_hidden_temple, chequers_garden
D:8:      layout_basic, mainiacjoe_overflow_24_doors, ashenzari_altar_1,
          uniq_prince_ribbit1
D:9:      layout_cave_pools, david_orc_1_choice, nzn_life_drinkers
D:10:     layout_small_grid, dpeg_lair_monsters, minmay_misc_feat_rugged,
          minmay_liquid_box
D:11:     layout_loops_cross, palyth_stone_intersect, uniq_psyche
D:12:     layout_irregular_city, zin_purify, uniq_azrael
Lair:1:   layout_misc_corridors
Lair:2:   layout_cave_pods, gauntlet_entry_generic, minmay_lindwurm_lava
Lair:3:   minmay_guarded_unrand_snakebite, layout_regular_city,
          elwin_shoals_entry_stream, minmay_snake_entry_guardpost_small,
          grunt_megastairs_2, serial_bayou_shore_a, lemuel_fruit_tree
Lair:4:   layout_cave_shapes
Lair:5:   layout_concentric_octagons, chequers_serial_rivers_room_b,
          grunt_megastairs_3
Lair:6:   minmay_lair_end_frog_pond, layout_long_grid,
          minmay_slime_entry_pillars
Orc:1:    layout_caves, gammafunk_ghost_grave, serial_shops, nicolae_shop_stone,
          nicolae_orc_lost_temple, uniq_fannar
Orc:2:    st_orc_ogre_mass, layout_diamond_mine, minmay_orc_temple_a

Skill      XL: |  1  2  3  4  5  6  7  8  9 10 11 12 13 14 15 |
---------------+----------------------------------------------+-----
Axes           | 2 3 4 5 6 7 8 10 11 12 | 12.1
Dodging        | 2 3 4 5 6 7 8 9 |  9.9
Armour         | 1 2 3 4 5 6 7 8 9 |  9.8
Fighting       | 4 5 6 7 8 9 10 11 | 11.0
Throwing       | 1 2 3 4 5 6 7 8 9 |  9.4
Shields        | 1 2 3 4 5 6 7 8 9 |  9.4
Evocations     | 1 3 4 5 6 7 8 9 10 | 10.0
Stealth        | |  4.5

Action                   |  1- 3 |  4- 6 |  7- 9 | 10-12 | 13-15 || total
-------------------------+-------+-------+-------+-------+-------++-------
Melee: Hand axe          |    49 |    19 |       |       |       ||    68
       Trident           |       |       |       |    16 |       ||    16
       Broad axe         |       |       |       |   175 |   378 ||   553
       Flail             |       |       |       |    63 |       ||    63
       Whip              |       |       |       |       |   393 ||   393
       Kick              |       |       |       |       |    44 ||    44
 Fire: Hunting sling     |       |   208 |   292 |   377 |   135 ||  1012
Throw: Dart              |       |       |     7 |    13 |       ||    20
       Javelin           |       |       |       |       |     8 ||     8
Evoke: Wand              |       |       |     4 |    24 |     3 ||    31
  Use: Scroll            |     1 |       |     3 |    21 |     5 ||    30
       Potion            |     1 |       |       |     5 |     2 ||     8
 Stab: Sleeping          |     1 |     2 |       |       |       ||     3
       Paralysed         |       |       |       |     7 |       ||     7
       Distracted        |       |       |       |     4 |     4 ||     8
       Invisible         |       |       |       |     1 |       ||     1
       Petrified         |       |       |       |       |     6 ||     6
Armor: Leather armour    |     4 |       |       |       |       ||     4
       Ring mail         |     9 |    37 |    15 |       |       ||    61
       Chain mail        |       |       |    71 |   189 |   273 ||   533
       Plate armour      |       |       |       |       |     8 ||     8
Dodge: Dodged            |    33 |    47 |    97 |   265 |   368 ||   810
Block: Buckler           |       |    18 |    34 |       |       ||    52
       Kite shield       |       |       |    31 |   285 |   425 ||   741

Table legend: (Time is in decaauts)
 A = Elapsed time spent in this place.
 B = Non-inter-level travel time spent in this place.
 C = Inter-level travel time spent in this place.
 D = Time resting spent in this place.
 E = Time spent auto-exploring this place.
 F = Levels seen in this place.
 G = Mean time per level.
                   A        B        C        D        E       F      G
               +--------+--------+--------+--------+--------+-----+--------+
         Total |  28699 |  27423 |   1276 |   2208 |  19831 |  21 | 1366.6 |
       Dungeon |  14872 |  14017 |    855 |    715 |  10326 |  12 | 1239.3 |
          Lair |  10092 |   9725 |    367 |    577 |   7426 |   6 | 1682.0 |
  Orcish Mines |   2825 |   2771 |     54 |    617 |   1600 |   2 | 1412.5 |
      Gauntlet |    908 |    908 |      0 |    299 |    478 |   1 |  908.0 |
               +--------+--------+--------+--------+--------+-----+--------+

Top non-repeatable levels by time:
     D:7: 2782 daAuts
  Lair:3: 2205 daAuts
  Lair:6: 2142 daAuts
     D:6: 1953 daAuts
  Lair:2: 1892 daAuts
     D:9: 1714 daAuts
   Orc:1: 1535 daAuts
     D:4: 1470 daAuts
    D:10: 1446 daAuts
  Lair:5: 1362 daAuts
  Lair:1: 1325 daAuts
   Orc:2: 1290 daAuts
     D:8: 1219 daAuts
  Lair:4: 1165 daAuts
     D:5: 1159 daAuts
